Map: Prion Terraces

Players

reversE - Winner!

  • Race: Protoss Protoss

LilDicky

  • Race: Zerg Zerg
  • League: Diamond

VOD

http://www.twitch.tv/tumescentpie

Description

Time

  • Played on: Dec. 6, 2015, 12:35 p.m.
  • Length: 4:56
Show
View Real Time Build Order
Export as new Build Order

reversE Protoss - Winner!

Build Orders:  

Get SALT Encoding   

  12  0:02  Probe (Chrono Boost)  
  13  0:13  Probe (Chrono Boost)  
  14  0:20  Pylon  
  14  0:24  Probe (Chrono Boost)  
  15  0:39  Probe (Chrono Boost)  
  15  0:40  Gateway  
  16  0:43  Assimilator  
  16  0:49  Probe (Chrono Boost)  
  17  0:55  Assimilator  
  17  1:00  Probe (Chrono Boost)  
  18  1:10  Probe (Chrono Boost)  
  19  1:16  Pylon  
  19  1:21  Probe (Chrono Boost)  
  20  1:31  Cybernetics Core  
  20  1:32  Probe (Chrono Boost)  
  21  1:33  Zealot  
  23  1:43  Probe (Chrono Boost)  
  24  1:53  Probe (Chrono Boost)  
  27  2:08  Mothership Core (Chrono Boost)  
  27  2:09  Warp Gate (Chrono Boost)  
  27  2:10  Sentry  
  27  2:14  Pylon  
  29  2:22  Gateway  
  29  2:23  Gateway  
  29  2:27  Gateway  
  29  2:37  Gateway  
  29  3:01  Stalker  
  31  3:19  Pylon  
  31  3:32  Pylon  
  31  3:51  Pylon  
  31  4:00  Stalker x4  
  31  4:01  Stalker  
  37  4:29  Stalker x2  
  37  4:30  Stalker x3  
Show
View Real Time Build Order
Export as new Build Order

LilDicky Zerg 

Build Orders: Hatch First, Roach Nydus 

Get SALT Encoding   

  12  0:01  Drone  
  13  0:13  Drone  
  14  0:40  Hatchery  
  14  0:42  Drone  
  14  0:44  Overlord  
  14  1:03  Spawning Pool  
  14  1:04  Drone  
  14  1:09  Drone  
  15  1:12  Drone  
  15  1:15  Extractor  
  15  1:18  Drone  
  16  1:36  Drone  
  17  1:51  Drone x2  
  17  1:53  Queen  
  21  1:54  Queen  
  23  2:08  Overlord  
  23  2:17  Drone x4  
  27  2:36  Lair  
  27  2:37  Extractor  
  26  2:49  Queen  
  28  2:52  Drone x4  
  28  2:53  Drone  
  28  2:56  Overlord  
  33  3:14  Roach Warren  
  33  3:17  Drone x3  
  33  3:18  Drone  
  36  3:32  Drone x5  
  41  3:36  Overlord  
  41  3:53  Nydus Network  
  42  3:55  Roach  
  42  3:56  Roach x3  
  42  4:00  Overlord  
  48  4:07  Queen  
  50  4:14  Roach  
  51  4:28  Roach  
  51  4:29  Roach x3  
Tags
 
Add a new tag
Caveats
  • Supply blocks, unpowered buildings, or Contaminate may cause inaccurate times.
  • Supply counts are checked every 10 seconds.